 Dungeon Crawl Stone Soup version 0.28-b1-1-g3c77fb2ed1 (webtiles) character file.

Game seed: 8525364767217154966

5 zeram the Ducker (level 1, 0/11 HPs)
             Began as a Spriggan Fighter on Jan 28, 2022.
             Slain by a quokka (5 damage)
             ... on level 1 of the Dungeon.
             The game lasted 00:00:31 (384 turns).

zeram the Ducker (Spriggan Fighter)                  Turns: 384, Time: 00:00:32

Health: 0/11       AC:  2    Str: 12    XL:     1   Next: 66%
Magic:  2/2        EV: 17    Int:  9    God:
Gold:   27         SH:  6    Dex: 14    Spells: 0/0 levels left

rFire   . . .      SeeInvis +   a - +0 rapier
rCold   . . .      Faith    .   c - +0 buckler
rNeg    . . .      Spirit   .   b - +0 robe
rPois   .          Reflect  .   (helmet restricted)
rElec   .          Harm     .   (no cloak)
rCorr   .          Rampage  .   (gloves unavailable)
Will    .....                   (boots unavailable)
Stlth   +.........              (no amulet)
HPRegen 0.03/turn               (no ring)
MPRegen 0.08/turn               (no ring)

@: very quick
A: very small, no large weapons, unfitting armour, see invisible, speed 3
a: no special abilities


You were on level 1 of the Dungeon.
You visited 1 branch of the dungeon, and saw 1 of its levels.

You collected 27 gold pieces.

Inventory:

Hand Weapons
 a - a +0 rapier (weapon)
Armour
 b - a +0 robe (worn)
 c - a +0 buckler (worn)
Scrolls
 f - 2 scrolls of immolation {unknown}
Potions
 d - a potion of might
 e - a potion of curing {unknown}


   Skills:
 - Level 2.4 Fighting
 + Level 2.2 Short Blades
 + Level 4.3 Dodging
 + Level 2.2 Shields


You couldn't memorise any spells.
You didn't know any spells.
Your spell library was empty.

Dungeon Overview and Level Annotations

Branches:
Dungeon (1/15)

Altars:

Shops:
D:1 **


Innate Abilities, Weirdness & Mutations

You are very small and have problems with some larger weapons.
You are too small for most types of armour.
You have supernaturally acute eyesight. (SInv)
You cover ground extremely quickly. (Speed+++)


Message History

You hit the bat.
You kill the bat!
No target in view!
No target in view!
A goblin is nearby!
A goblin is nearby!
A goblin is nearby!
Found 11 gold pieces.
The goblin shouts!
You closely miss the goblin. The goblin closely misses you.
A quokka comes into view.
You hit the goblin.
The goblin is moderately wounded.
The goblin hits you with a +0 dagger.
You barely miss the goblin.
The goblin is moderately wounded.
You block the goblin's attack.
You puncture the goblin!
You kill the goblin!
The quokka bites you but does no damage.
You hit the quokka.
The quokka is severely wounded.
The quokka bites you but does no damage.
You closely miss the quokka.
The quokka is severely wounded.
You block the quokka's attack. The quokka misses you.
You hit the quokka but do no damage.
The quokka is heavily wounded.
The quokka bites you.
You closely miss the quokka.
The quokka is heavily wounded.
You block the quokka's attack.
The quokka bites you but does no damage.
You hit the quokka but do no damage.
The quokka is moderately wounded.
The quokka barely misses you.
You hit the quokka.
The quokka is severely wounded.
The quokka bites you. x2
You die...

.....# ##...#.#
#.#.
#...#.#########.#.
#...#...........#.
##
#.$.#############.
......# #..........
.#...##.#.#########
.......#.#
#r...#.#.#
#@#..#.#.#
#.#..#.#.#
#.##.#.#.#
#......#.#
#.##..##.#
####...#.# #...#.#
########...#.#
#8#.^8##...#.#


You could see a quokka.

Vanquished Creatures
  A dart slug (D:1)
  A goblin (D:1)
  2 bats (D:1)
4 creatures vanquished.

Notes
Turn   | Place    | Note
-------+----------+-------------------------------------------
     0 | D:1      | zeram the Spriggan Fighter began the quest for the Orb.
     0 | D:1      | Reached XP level 1. HP: 11/11 MP: 2/2
    66 | D:1      | Found Riylee's Assorted Antiques.
   147 | D:1      | Found Sedwe's Assorted Antiques.
   342 | D:1      | Found a faded altar of an unknown god.
   384 | D:1      | Slain by a quokka

Illustrated notes

Levels and vault maps discovered:
D:1:      sevenhm_arrival_forest_fort_small_4, layout_basic,
          shapermc_ecumenical_altar_mp_highgroup, serial_shops, shop,
          nicolae_shop_overgrown_old_shop, nicolae_shop_crystal, shop

Action                   || total
-------------------------++-------
Melee: Rapier            ||    16
 Stab: Sleeping          ||     1
Armor: Robe              ||     3
Dodge: Dodged            ||     6
Block: Buckler           ||     4
